 Dungeon Crawl Stone Soup version 0.31-a0-1091-g283494c966 (webtiles) character file.

Game seed: 4822735034408818630

19017 senseless the Fighter (level 12, -2/111 HPs)
             Began as a Minotaur Fighter on Nov 28, 2023.
             Was the Champion of Zin.
             Slain by a meliai
             ... wielding a +0 war axe
              (4 damage)
             ... on level 13 of the Dungeon.
             The game lasted 00:26:39 (9290 turns).

senseless the Fighter (Minotaur Fighter)            Turns: 9290, Time: 00:26:43

Health: -2/111     AC: 29    Str: 34    XL:     12   Next: 32%
Magic:  16/17      EV:  8    Int:  8    God:    Zin [******]
Gold:   138        SH: 10    Dex: 17    Spells: 11/11 levels left

rFire   . . .        r - +10 mace of Wu Jian's Inspiration {flame, rPois SInv}
rCold   . . .        c - +3 buckler
rNeg    . . .        j - +0 plate armour
rPois   ∞            (helmet restricted)
rElec   .            g - +2 cloak
rCorr   .            H - +2 pair of gloves {Dex+3}
SInv    +            I - +2 pair of boots
Will    .....        h - amulet "Orarremm" {Faith Regen+} Stlth
                     t - +4 ring of protection
HPRegen 1.18/turn    x - +6 ring of strength
MPRegen 0.15/turn

%: faith
@: vitalised, about to teleport, on recite cooldown
A: horns 2, retaliatory headbutt
a: Renounce Religion, Recite, Vitalisation, Imprison, Sanctuary, Donate Gold


You were on level 13 of the Dungeon.
You worshipped Zin.
Zin was exalted by your worship.
You visited 1 branch of the dungeon, and saw 13 of its levels.
You also visited: Ossuary.

You collected 828 gold pieces.
You spent 623 gold pieces at shops.
You donated 67 gold pieces to Zin.

Inventory:

Hand Weapons
 a - a +0 war axe
 r - the +10 mace of Wu Jian's Inspiration (weapon) {flame, rPois SInv}
   (You found it on level 3 of the Dungeon)

   rPois:     It protects you from poison SInv: It lets you see invisible.
 K - a +3 orcbow
Armour
 c - a +3 buckler (worn)
 g - a +2 cloak (worn)
 j - a +0 plate armour (worn)
 p - a +0 chain mail of fire resistance
 H - a +2 pair of gloves of dexterity (worn)
 I - a +2 pair of boots (worn)
Jewellery
 d - the ring of the Mage {Wiz Archmagi}
   (You found it on level 11 of the Dungeon)

   [ring of wizardry]

   Wiz:       It improves your spell success rate.
   Archmagi:  It increases the power of your magical spells.
 h - the amulet "Orarremm" (around neck) {Faith Regen+}
   (You acquired it on level 4 of the Dungeon)

   [amulet of faith]

   Faith:     It allows you to gain divine favour quickly.
   Regen+:    It increases your rate of health regeneration.
 o - a ring of flight
 t - a +4 ring of protection (left hand)
 x - a +6 ring of strength (right hand)
 B - an amulet of regeneration
Wands
 e - a wand of charming (14)
 f - a wand of roots (22)
 E - a wand of acid (6)
Scrolls
 b - 2 scrolls of revelation
 k - 2 scrolls of teleportation
 v - 2 scrolls of immolation
 w - 6 scrolls of fear
 y - 2 scrolls of enchant armour
 z - a scroll of poison
 J - a scroll of blinking
Potions
 l - 6 potions of curing
 m - 3 potions of ambrosia
 n - 2 potions of enlightenment
 q - 4 potions of mutation
 s - a potion of cancellation
 u - a potion of attraction
 A - a potion of lignification
 C - 3 potions of haste
 D - a potion of brilliance {unknown}
 F - a potion of berserk rage
 G - a potion of resistance {unknown}


   Skills:
 + Level 11.7 Fighting
 - Level 3.3(7.6) Axes
 + Level 10.8(11.0) Maces & Flails
 + Level 11.6 Armour
 + Level 11.6 Shields
 + Level 9.2 Invocations


You had 11 spell levels left.
You didn't know any spells.
Your spell library contained the following spells:

 Spells                   Type           Power      Damage    Failure   Level
 Kiss of Death            Conj/Necr      0%         2d5       94%         1
 Sandblast                Erth           0%         2d4       94%         1
 Slow                     Hex            0%         N/A       94%         1
 Ensorcelled Hibernation  Hex/Ice        0%         N/A       98%         2
 Jinxbite                 Hex            0%         N/A       98%         2
 Lesser Beckoning         Tloc           0%         N/A       98%         2
 Passwall                 Tmut/Erth      0%         N/A       98%         2
 Confusing Touch          Hex            0%         N/A       100%        3
 Gell's Gravitas          Tloc           0%         N/A       100%        3
 Sigil of Binding         Hex            0%         N/A       100%        3
 Stone Arrow              Conj/Erth      0%         3d7       100%        3
 Teleport Other           Tloc           0%         N/A       100%        3
 Vampiric Draining        Necr           0%         2d6       100%        3
 Anguish                  Hex/Necr       0%         N/A       100%        4
 Animate Armour           Summ/Erth      0%         N/A       100%        4
 Brom's Barrelling Bould  Conj/Erth      0%         2d3       100%        4
 Dispel Undead            Necr           0%         3d6       100%        4
 Summon Lightning Spire   Summ/Air       0%         N/A       100%        4
 Vhi's Electric Charge    Tloc/Air       0%         N/A       100%        4
 Arcjolt                  Conj/Air       0%         1d10      100%        5
 Lee's Rapid Deconstruct  Erth           0%         3d4*      100%        5
 Plasma Beam              Fire/Air       0%         2x1d10    100%        6


Dungeon Overview and Level Annotations

Branches:
Dungeon (13/15)            Temple (0/1) D:7            Lair (0/5) D:11
    Orc (0/2) D:9         Ossuary (visited)
 Vaults: D:13-14

Altars:
Cheibriados
Dithmenos
Elyvilon
Fedhas
Gozag
Hepliaklqana
Kikubaaqudgha
Makhleb
Nemelex Xobeh
Okawaru
Ru
Sif Muna
Trog
Uskayaw
Wu Jian
Yredelemnul
Zin
Jiyva

Shops:
D:4 ?   D:5 [   D:7 ?   D:8 ?

Annotations:
D:13 3 runed translucent doors


Innate Abilities, Weirdness & Mutations

You have a pair of horns on your head.
You reflexively headbutt those who attack you in melee.


Message History

You sock the meliai! You burn the meliai.
The meliai is severely wounded.
The meliai hits you but does no damage. The meliai barely misses you.
The meliai hits you but does no damage. You block the meliai's attack.
The meliai hits you with a +0 war axe!
* * * LOW HITPOINT WARNING * * *
The meliai barely misses you. The meliai hits you but does no damage.
You block the meliai's attack.
As you read the scroll of teleportation, it crumbles to dust.
You feel strangely unstable. The meliai hits you with a +3 hand axe!
* * * LOW HITPOINT WARNING * * *
The meliai stings you but does no damage.
The meliai hits you but does no damage. You block the meliai's attack.
The meliai hits you but does no damage. You block the meliai's attack.
The meliai barely misses you. The meliai stings you.
* * * LOW HITPOINT WARNING * * *
You feel better. The meliai hits you but does no damage.
You block the meliai's attack. The meliai hits you with a +0 war axe!
* * * LOW HITPOINT WARNING * * *
The meliai stings you but does no damage.
The meliai hits you with a +0 war axe.
* * * LOW HITPOINT WARNING * * *
The meliai stings you but does no damage.
You block the meliai's attack. The meliai barely misses you.
You feel better. The meliai closely misses you. You block the meliai's attack.
The meliai barely misses you.
The meliai stings you but does no damage.
The meliai hits you but does no damage.
The meliai stings you but does no damage.
The meliai invokes the aid of its god against you.
Something smites you!
* * * LOW HITPOINT WARNING * * *
Okay, then.
As you read the scroll of fear, it crumbles to dust.
You assume a fearsome visage.
The meliai looks frightened!
The meliai easily resists.
The meliai looks frightened!
You block the meliai's attack.
The meliai stings you but does no damage.
The meliai hits you but does no damage. The meliai stings you.
You die...

##########..####..#
............# #..#
............####..#
..................######
........................
........................
............###.........
............###....####
................@)y#
...............)y..#
.#######.............. .
#...........y....
...............
...............
..........#####
...(......#


You could see 3 meliai.

Vanquished Creatures
  2 centaur warriors
  2 two-headed ogres
  The ghost of Darkgod20 the Gusty, a novice DgAE (D:8)
  An orc knight (D:11)
  2 deep elf pyromancers
  2 cyclopes (D:11)
  3 manticores
  4 ugly things
  A gargoyle (D:11)
  2 unseen horrors
  A komodo dragon (D:10)
  3 kobold demonologists
  A yaktaur (D:11)
  2 trolls
  3 meliai (D:13)
  6 slime creatures
  A vampire (D:10)
  3 wyverns
  8 yaks (D:11)
  5 shadows
  A wraith (D:9)
  A steam dragon (D:7)
  Edmund (D:5)
  A two-headed ogre zombie (D:9)
  A water moccasin (D:6)
  An acid dragon (D:12)
  A sky beast (D:7)
  2 orc warriors
  An ice beast (D:8)
  2 black bears (D:8)
  2 ogres
  2 centaurs
  3 phantoms
  5 bullfrogs
  A scorpion (D:4)
  3 wights (D:7)
  3 water moccasin zombies (Ossuary)
  2 troll zombies (D:9)
  26 killer bees
  3 howler monkeys
  3 hounds
  4 jellies
  4 orc priests
  A gnoll bouda (D:8)
  Crazy Yiuf (D:5)
  A sleepcap (D:4)
  Jessica (D:3)
  Ijyb (D:3)
  5 orc wizards
  5 ogre zombies (D:9)
  2 mummies (Ossuary)
  4 gnolls (D:8)
  6 adders
  A shadow imp (D:8)
  2 white imps
  2 ufetubi (D:5)
  3 adder zombies (Ossuary)
  A worm (D:2)
  3 dart slugs
  17 orcs
  3 endoplasms
  2 giant cockroaches
  6 goblins
  9 hobgoblins
  5 quokkas
  11 ball pythons
  3 bats
  4 frilled lizards
  4 gnoll skeletons (D:9)
  6 gnoll zombies
  5 hobgoblin zombies (Ossuary)
  6 kobolds
  6 kobold zombies (Ossuary)
  4 orc skeletons (D:9)
  20 orc zombies
  4 rats
280 creatures vanquished.

Notes
Turn   | Place    | Note
-------+----------+-------------------------------------------
     0 | D:1      | senseless the Minotaur Fighter began the quest for the Orb.
     0 | D:1      | Reached XP level 1. HP: 19/19 MP: 0/0
   252 | D:1      | Reached XP level 2. HP: 27/27 MP: 1/1
   919 | D:2      | Found a faded altar of an unknown god.
   919 | D:2      | Noticed a great orb of eyes
   923 | D:2      | Noticed a glass eye
   923 | D:2      | Noticed a great orb of eyes
   923 | D:2      | Noticed an eye of devastation
   929 | D:2      | Prayed at the altar of an unknown god.
   929 | D:2      | Became a worshipper of Zin the Law-Giver
   929 | D:2      | Reached * piety under Zin
   946 | D:2      | Reached ** piety under Zin
  1123 | D:2      | Reached XP level 3. HP: 33/33 MP: 2/2
  1508 | D:3      | Found a shimmering blue altar of Sif Muna.
  1525 | D:3      | Noticed Jessica
  1529 | D:3      | Killed Jessica
  1530 | D:3      | Reached XP level 4. HP: 40/40 MP: 3/3
  1530 | D:3      | Reached *** piety under Zin
  1581 | D:3      | Reached skill level 1 in Invocations
  1648 | D:3      | Identified the +10 mace of Wu Jian's Inspiration {flame,
                  | rPois SInv}
  1842 | D:3      | Noticed Ijyb
  1846 | D:3      | Killed Ijyb
  1847 | D:3      | Reached skill level 1 in Maces & Flails
  1847 | D:3      | Reached XP level 5. HP: 44/47 MP: 3/5
  2122 | D:4      | Noticed a phantom
  2130 | D:4      | Killed a phantom
  2141 | D:4      | Found Juiphudgh's Magic Scroll Boutique.
  2151 | D:4      | Bought a scroll of immolation for 40 gold pieces
  2151 | D:4      | Bought a scroll of identify for 20 gold pieces
  2151 | D:4      | Bought a scroll of fear for 40 gold pieces
  2151 | D:4      | Bought a scroll of torment for 95 gold pieces
  2153 | D:4      | Identified a scroll of acquirement
  2153 | D:4      | Acquired the amulet "Orarremm" {Faith Regen+}
  2256 | D:4      | Reached **** piety under Zin
  2330 | D:4      | Reached XP level 6. HP: 55/55 MP: 6/6
  2374 | D:4      | Reached skill level 5 in Fighting
  2374 | D:4      | Reached skill level 5 in Shields
  2429 | D:4      | Found a shadowy altar of Dithmenos.
  2521 | D:4      | Reached skill level 5 in Armour
  2711 | D:4      | Found a sparkling altar of Nemelex Xobeh.
  2711 | D:4      | Found an opulent altar of Gozag.
  2809 | D:5      | Entered Level 5 of the Dungeon
  2879 | D:5      | Found a white marble altar of Elyvilon.
  2884 | D:5      | Noticed Edmund
  2894 | D:5      | Killed Edmund
  2895 | D:5      | Reached XP level 7. HP: 60/61 MP: 6/8
  2913 | D:5      | Reached ***** piety under Zin
  2927 | D:5      | Found an iron altar of Okawaru.
  2939 | D:5      | Found a blossoming altar of Fedhas.
  2939 | D:5      | Found a snail-covered altar of Cheibriados.
  2997 | D:5      | Found Qup Anoehi's Armour Shoppe.
  3219 | D:5      | Found a hide-covered altar of Uskayaw.
  3269 | D:5      | Found a runed translucent door.
  3270 | D:5      | Noticed Crazy Yiuf
  3274 | D:5      | Killed Crazy Yiuf
  3550 | D:5      | Found a basalt altar of Yredelemnul.
  3550 | D:5      | Found an ancient bone altar of Kikubaaqudgha.
  4128 | D:7      | Reached XP level 8. HP: 70/70 MP: 9/9
  4133 | D:7      | Found a sand-covered staircase.
  4178 | D:7      | Reached skill level 5 in Maces & Flails
  4190 | Ossuary  | Entered an ossuary
  4456 | D:7      | Reached ****** piety under Zin
  4551 | D:7      | Found a staircase to the Ecumenical Temple.
  4560 | D:7      | Reached XP level 9. HP: 41/79 MP: 11/11
  4688 | D:7      | Reached skill level 5 in Invocations
  4901 | D:7      | Found Irghidae's Magic Scroll Boutique.
  5191 | D:8      | Found a runed translucent gate.
  5191 | D:8      | Found a runed translucent gate.
  5191 | D:8      | Found a runed translucent gate.
  5192 | D:8      | Found a viscous altar of Jiyva.
  5192 | D:8      | Noticed Darkgod20's ghost (novice DgAE)
  5230 | D:8      | Found Yfrisoen's Magic Scroll Emporium.
  5525 | D:8      | Killed Darkgod20's ghost
  5636 | D:9      | Noticed a kobold demonologist
  5649 | D:9      | Reached XP level 10. HP: 59/90 MP: 13/13
  5861 | D:9      | Found a staircase to the Orcish Mines.
  5964 | D:9      | Noticed a two-headed ogre
  5971 | D:9      | Killed a two-headed ogre
  6402 | D:5      | Bought a +2 pair of gloves for 214 gold pieces
  6486 | D:10     | Entered Level 10 of the Dungeon
  6732 | D:10     | Found a bloodstained altar of Trog.
  6734 | D:10     | Found a hazy altar of Hepliaklqana.
  6751 | D:10     | Found a burning altar of Makhleb.
  6765 | D:10     | Found an ornate altar of the Wu Jian Council.
  6767 | D:10     | Found a sacrificial altar of Ru.
  7339 | D:5      | Bought a +2 pair of boots for 214 gold pieces
  7720 | D:11     | Reached XP level 11. HP: 97/99 MP: 15/15
  7737 | D:11     | Noticed a cyan ugly thing
  7744 | D:11     | Killed a cyan ugly thing
  7745 | D:11     | Reached skill level 10 in Fighting
  7776 | D:11     | Reached skill level 10 in Armour
  7799 | D:11     | Reached skill level 10 in Shields
  7872 | D:11     | Noticed a red ugly thing
  7881 | D:11     | Killed a red ugly thing
  7968 | D:11     | Found a staircase to the Lair.
  8026 | D:11     | Noticed a centaur warrior
  8029 | D:11     | Noticed an orc knight
  8029 | D:11     | Noticed a deep elf pyromancer
  8031 | D:11     | Found the ring of the Mage {Wiz Archmagi}
  8033 | D:11     | Noticed a white ugly thing
  8056 | D:11     | Killed an orc knight
  8058 | D:11     | Killed a white ugly thing
  8066 | D:11     | Killed a deep elf pyromancer
  8092 | D:11     | Killed a centaur warrior
  8272 | D:11     | Reached skill level 10 in Maces & Flails
  8703 | D:12     | Noticed a deep elf pyromancer
  8714 | D:12     | Killed a deep elf pyromancer
  8719 | D:12     | Reached XP level 12. HP: 78/110 MP: 17/17
  8818 | D:12     | Found a glowing silver altar of Zin.
  8937 | D:12     | Noticed a two-headed ogre
  8947 | D:12     | Killed a two-headed ogre
  9115 | D:13     | Found a runed translucent door.
  9115 | D:13     | Noticed a merfolk avatar
  9115 | D:13     | Noticed a merfolk impaler
  9129 | D:13     | Found a runed translucent door.
  9164 | D:13     | Found a runed translucent door.
  9240 | D:13     | Noticed a centaur warrior
  9250 | D:13     | Killed a centaur warrior
  9289 | D:13     | HP: 1/111 [meliai/divine providence (15)]
  9290 | D:13     | Slain by a meliai

Illustrated notes

Levels and vault maps discovered:
D:1:      amcnicky_arrival_single_pillar, layout_loops_corners,
          minmay_misc_feat_iff
D:2:      layout_basic, hellmonk_ecumenical_altar_watching_god
D:3:      layout_rooms, overflow_temple_1_default, minmay_crystal_room,
          nicolae_twisty_statue_hallways, uniq_jessica, uniq_ijyb
D:4:      layout_basic, mainiacjoe_overflow_alcove_1,
          grunt_temple_overflow_opulence, serial_shops, shop
D:5:      layout_rooms, mainiacjoe_overflow_chevrons,
          nicolae_overflow_hidden_temple, elyvilon_altar_4, serial_shops, shop,
          uniq_crazy_yiuf_cottage, uniq_edmund
D:6:      layout_loops_ring, hex_large
D:7:      layout_cave_pools, minmay_temple_entry_junction_2,
          nicolae_ossuary_entry_plus, serial_shops, nicolae_shop_rolling_square
D:8:      layout_basic, serial_shops, shop, gammafunk_ghost_ooze,
          chequers_serial_rivers_small_a, hangedman_decor_peaks_small
D:9:      layout_gridville, zombieorc2_lemuel, kennysheep_another_room
D:10:     layout_basic, minmay_overflow_temple_star_hex
D:11:     nzn_winding_woodlands_medium [nzn_winding_woodlands_5x5_open_star,
          nzn_winding_woodlands_5x15_garden, nzn_winding_woodlands_hourglass,
          nzn_winding_woodlands_5x5_default,
          nzn_winding_woodlands_center_triple_pond,
          nzn_winding_woodlands_5x5_default, nzn_winding_woodlands_5x5_cross,
          nzn_winding_woodlands_5x15_sawtooth, nzn_winding_woodlands_5x5_three],
          layout_irregular_city
D:12:     layout_cave_pools, zin_scriptorium
D:13:     layout_small_grid, mikee_hates_you

Skill      XL: |  1  2  3  4  5  6  7  8  9 10 11 12 |
---------------+-------------------------------------+-----
Fighting       | 4 5 6 7 8 9 11 | 11.7
Shields        | 4 5 6 7 8 9 11 | 11.6
Armour         | 4 5 6 7 8 9 11 | 11.6
Axes           | 3 |  3.3
Invocations    | 1 2 3 4 6 7 8 9 |  9.2
Maces & Flails | 1 2 3 4 5 7 8 10 | 10.8

Action                     |  1- 3 |  4- 6 |  7- 9 | 10-12 || total
---------------------------+-------+-------+-------+-------++-------
  Melee: Whip              |    62 |    23 |       |       ||    85
         Headbutt          |     7 |     5 |    30 |    75 ||   117
         War axe           |     1 |       |       |       ||     1
         Mace              |       |    62 |   178 |   336 ||   576
 Invoke: Recite            |       |       |       |     7 ||     7
         Vitalisation      |       |       |       |     2 ||     2
    Use: Scroll            |       |    13 |     7 |     3 ||    23
         Potion            |       |       |     4 |     4 ||     8
   Stab: Paralysed         |       |       |       |     3 ||     3
         Invisible         |       |       |       |     1 ||     1
 Armour: Scale mail        |     6 |       |       |       ||     6
         Chain mail        |    19 |    60 |    33 |       ||   112
         Plate armour      |       |       |   148 |   361 ||   509
  Dodge: Dodged            |    19 |    40 |    87 |   151 ||   297
  Block: Buckler           |    12 |    26 |    83 |   193 ||   314

Table legend: (Time is in decaauts)
 A = Elapsed time spent in this place.
 B = Non-inter-level travel time spent in this place.
 C = Inter-level travel time spent in this place.
 D = Time resting spent in this place.
 E = Time spent auto-exploring this place.
 F = Levels seen in this place.
 G = Mean time per level.
                   A        B        C        D        E       F      G
               +--------+--------+--------+--------+--------+-----+--------+
         Total |   9326 |   8583 |    743 |    150 |   6738 |  14 |  666.1 |
       Dungeon |   9182 |   8439 |    743 |    150 |   6665 |  13 |  706.3 |
       Ossuary |    143 |    143 |      0 |      0 |     73 |   1 |  143.0 |
               +--------+--------+--------+--------+--------+-----+--------+

Top non-repeatable levels by time:
    D:10: 1028 daAuts
     D:1: 862 daAuts
    D:11: 829 daAuts
     D:8: 776 daAuts
     D:6: 774 daAuts
     D:7: 740 daAuts
     D:4: 739 daAuts
     D:5: 728 daAuts
     D:9: 720 daAuts
     D:2: 649 daAuts
     D:3: 575 daAuts
    D:12: 508 daAuts
    D:13: 249 daAuts
 Ossuary: 143 daAuts
